 Dungeon Crawl Stone Soup version 0.21-a0-450-gd87a9b2 (webtiles) character file.

5310 KristoblXynda the Grappler (level 10, -4/85 HPs)
             Began as a Troll Warper on Nov 18, 2017.
             Was an Elder of Cheibriados.
             Splashed by an acid dragon's acid (15 damage)
             ... on level 11 of the Dungeon.
             The game lasted 00:19:17 (9036 turns).

KristoblXynda the Grappler (Troll Warper)           Turns: 9036, Time: 00:19:18

Health: -4/85      AC:  6    Str: 37    XL:     10   Next: 37%
Magic:  14/14      EV: 11    Int: 22    God:    Cheibriados [****..]
Gold:   700        SH:  0    Dex: 19    Spells: 9/11 levels left

rFire    . . .     SeeInvis .     - Unarmed
rCold    . . .     Gourm    +   (no shield)
rNeg     . . .     Faith    .   a - +0 robe
rPois    .         Spirit   .   (helmet restricted)
rElec    .         Reflect  .   B - +0 cloak
rCorr    .         Harm     .   (gloves unavailable)
MR       .....                  (boots unavailable)
Stlth    ++........             (no amulet)
HPRegen  0.64/turn              e - +4 ring of strength
MPRegen  0.14/turn              z - +4 ring of protection

@: corroded, very slow
A: unfitting armour, claws 3, fast metabolism 3, gourmand, regeneration 1,
screaming 1, shaggy fur 1, strong 1, tough skin 2
a: Bend Time, Temporal Distortion, Slouch, Renounce Religion


You were on level 11 of the Dungeon.
You worshipped Cheibriados.
Cheibriados was greatly pleased with you.
You were very full.

You visited 1 branch of the dungeon, and saw 11 of its levels.

You collected 700 gold pieces.

Inventory:

Hand Weapons
 u - the +8 dagger "Ufaledaaj" {pain, Str+2 Int-2 Dex+8 Stlth+}
   (You found it on level 4 of the Dungeon)

   In the hands of one skilled in necromantic magic, it inflicts extra damage on
   living creatures.
   It affects your strength (+2).
   It affects your intelligence (-2).
   It affects your dexterity (+8).
   It makes you more stealthy.
Missiles
 d - a tomahawk of dispersal (quivered)
Armour
 a - a +0 robe (worn)
 B - a +0 cloak (worn)
Jewellery
 e - a +4 ring of strength (left claw)
 m - an uncursed ring of stealth
 w - an uncursed ring of stealth
 z - a +4 ring of protection (right claw)
Wands
 j - a wand of flame (16/48)
 r - a wand of confusion (48/48)
 y - a wand of digging (2/24)
Scrolls
 h - a scroll of teleportation
 i - 3 scrolls of remove curse
 n - a scroll of fear
 t - 2 scrolls of enchant weapon
 v - 3 scrolls of identify
Potions
 l - a potion of resistance
 s - a potion of cancellation
 C - 2 potions of brilliance
 E - a potion of flight
Books
 b - a book of Spatial Translocations

   Spells                             Type                      Level
   a - Blink                          Translocation                2
   b - Shroud of Golubria             Charms/Translocation         2
   c - Lesser Beckoning               Translocation                3
   d - Gell's Gravitas                Translocation                3
   e - Teleport Other                 Translocation                3
   f - Passage of Golubria            Translocation                4
Comestibles
 f - 5 bread rations
 g - 7 meat rations
 p - 12 fruits
 x - 3 royal jellies


   Skills:
 - Level 1.5 Fighting
 - Level 6.4 Throwing
 - Level 2.7 Dodging
 + Level 10.0 Unarmed Combat
 - Level 1.2 Spellcasting
 + Level 4.7 Translocations
 + Level 6.9 Invocations


You had 9 spell levels left.
You knew the following spells:

 Your Spells              Type           Power        Failure   Level  Hunger
a - Blink                 Tloc           N/A          3%          2    ###....


Dungeon Overview and Level Annotations

Branches:
Dungeon (12/15)            Temple (0/1) D:7            Lair (0/6) D:10
    Orc (0/2) D:10

Altars:
Ashenzari
Cheibriados
Dithmenos
Gozag
Hepliaklqana
Kikubaaqudgha
Nemelex Xobeh
Qazlal
Sif Muna
Trog
Wu Jian
Zin

Annotations:
D:5 KristoblXynda's ghost, novice KoBe
D:8 exclusion: ice statue


Innate Abilities, Weirdness & Mutations

You are too large for most types of armour.
You have claws for hands.
Your metabolism is lightning-fast.
You like to eat raw meat.
Your natural rate of healing is unusually fast.
You are covered in fur. (AC +1)
You have very tough skin. (AC +2)
You occasionally shout uncontrollably at your foes.
Your muscles are strong. (Str +2)


Message History

Aim: a cyan ugly thing You throw a tomahawk of dispersal.
The tomahawk of dispersal hits the cyan ugly thing.
The cyan ugly thing blinks!
The cyan ugly thing is lightly wounded.
Throwing (i - inventory):
d - 2 tomahawks of dispersal (quivered)
Press: ? - help, Shift-Dir - straight line, f/p - cyan ugly thing
Aim: a cyan ugly thing (lightly wounded)
You throw a tomahawk of dispersal.
The tomahawk of dispersal closely misses the cyan ugly thing.
Your surroundings suddenly seem different.
You start resting.
An acid dragon is nearby!
An acid dragon is nearby!
The acid dragon roars!
The acid dragon spits acid at you. The splash of acid hits you!
* * * LOW HITPOINT WARNING * * *
The acid corrodes you!
You are splashed with acid!
The acid burns!
You die...

#+####### #...D... ##
...#.##### #...... ..
.......... #....###.#
#..#.###.# #........#
#..#...... #.....#
#..#.###.# +.....#
#..#####.#
#.....#########.#......
#.....@..!.............
#####+##########.####.#
#.<#.... ##.#.#..
#.#.#.. #.$ #.. #...#..
#...#.# #...#.#


You could see an acid dragon.

Vanquished Creatures
  A deep elf mage (D:10)
  An elephant (D:10)
  A troll (D:10)
  3 hippogriffs
  A vampire (D:12)
  A yak (D:10)
  A human (D:10)
  A hungry ghost (D:7)
  Duvessa (D:5)
  A black bear (D:10)
  3 orc warriors
  3 ice beasts
  2 phantoms
  2 ogres
  A sky beast (D:11)
  A necrophage (D:10)
  2 centaurs
  2 crocodiles (D:10)
  6 bullfrogs
  Dowan (D:5)
  A killer bee (D:11)
  3 wights (D:7)
  3 howler monkeys (D:8)
  4 crimson imps
  A bullfrog zombie (D:10)
  4 orc priests
  9 orc wizards
  3 jellies
  Crazy Yiuf (D:7)
  2 centaur skeletons (D:5)
  2 hounds
  An iguana (D:8)
  5 worker ants
  A killer bee zombie (D:5)
  A hound zombie (D:8)
  A hound skeleton (D:4)
  A worker ant zombie (D:6)
  16 adders
  3 gnolls (D:5)
  A shadow imp (D:12)
  An ooze (D:6)
  4 worms
  6 dart slugs
  5 leopard geckos
  32 orcs
  6 giant cockroaches
  3 hobgoblins
  9 jackals
  8 kobolds
  5 quokkas
  8 ball pythons
  3 bats
  6 frilled lizards
  7 goblins
  A leopard gecko skeleton (D:4)
  A quokka skeleton (D:4)
  9 rats
212 creatures vanquished.

Vanquished Creatures (others)
  An orc (D:10)
1 creature vanquished.

Grand Total: 213 creatures vanquished

Notes
Turn   | Place    | Note
-------+----------+-------------------------------------------
     0 | D:1      | KristoblXynda the Troll Warper began the quest for the Orb.
     0 | D:1      | Reached XP level 1. HP: 19/19 MP: 1/1
     8 | D:1      | Reached skill level 1 in Throwing
    98 | D:1      | Reached XP level 2. HP: 19/27 MP: 2/2
   705 | D:2      | Reached XP level 3. HP: 33/33 MP: 3/3
   757 | D:2      | Found a stormy altar of Qazlal.
  1199 | D:2      | Reached skill level 3 in Unarmed Combat
  1209 | D:2      | Reached XP level 4. HP: 41/41 MP: 4/4
  1268 | D:2      | Found a faded altar of an unknown god.
  1906 | D:3      | Reached XP level 5. HP: 48/48 MP: 5/5
  1941 | D:3      | Reached skill level 4 in Unarmed Combat
  2389 | D:3      | Found a shadowy altar of Dithmenos.
  2450 | D:4      | Noticed a phantom
  2450 | D:4      | Noticed an ogre
  2458 | D:4      | Killed an ogre
  2458 | D:4      | Reached XP level 6. HP: 20/55 MP: 6/6
  2462 | D:4      | Reached skill level 5 in Unarmed Combat
  3124 | D:4      | Reached XP level 7. HP: 62/62 MP: 7/7
  3139 | D:4      | Got a crude dagger
  3140 | D:4      | Identified the +8 dagger "Ufaledaaj" {pain, Str+2 Int-2 Dex+8 Stlth+} (You found it on level 4 of the Dungeon)
  3258 | D:4      | Found a snail-covered altar of Cheibriados.
  3293 | D:4      | Became a worshipper of Cheibriados the Contemplative
  3340 | D:4      | Reached skill level 6 in Unarmed Combat
  3449 | D:5      | Entered Level 5 of the Dungeon
  3717 | D:5      | Reached skill level 1 in Invocations
  3782 | D:5      | Reached * piety under Cheibriados
  3878 | D:5      | Noticed Duvessa
  3890 | D:5      | Killed Duvessa
  3892 | D:5      | Noticed Dowan
  3894 | D:5      | Killed Dowan
  3894 | D:5      | Reached XP level 8. HP: 58/70 MP: 8/8
  3957 | D:5      | Noticed KristoblXynda's ghost (novice KoBe)
  3961 | D:5      | Got a jewelled trident
  3963 | D:5      | Identified the cursed +3 trident of Loesiemm {freeze, *Drain +Fly MR++ Dex+3} (You found it on level 5 of the Dungeon)
  3983 | D:5      | Learned a level 2 spell: Blink
  4079 | D:5      | Reached skill level 7 in Unarmed Combat
  4105 | D:5      | Reached skill level 5 in Throwing
  4319 | D:5      | Found a shattered altar of Ashenzari.
  4820 | D:6      | Found a hazy altar of Hepliaklqana.
  5282 | D:6      | Reached ** piety under Cheibriados
  5583 | D:7      | Noticed a hippogriff
  5588 | D:7      | Killed a hippogriff
  5823 | D:7      | Reached skill level 8 in Unarmed Combat
  5875 | D:7      | Reached XP level 9. HP: 76/76 MP: 11/11
  6130 | D:7      | Found a runed door.
  6258 | D:7      | Noticed Crazy Yiuf
  6265 | D:7      | Killed Crazy Yiuf
  6436 | D:7      | Found an ornate altar of the Wu Jian Council.
  6464 | D:7      | Found a glowing silver altar of Zin.
  6466 | D:7      | Found an ornate altar of the Wu Jian Council.
  6466 | D:7      | Found an opulent altar of Gozag.
  6468 | D:7      | Found a deep blue altar of Sif Muna.
  6469 | D:7      | Found an ancient bone altar of Kikubaaqudgha.
  6483 | D:7      | Found a sparkling altar of Nemelex Xobeh.
  6862 | D:7      | Found a staircase to the Ecumenical Temple.
  6933 | D:8      | Noticed an ice devil
  6935 | D:8      | Noticed an ice statue
  7015 | D:8      | Noticed an ice devil
  7015 | D:8      | Noticed an ice devil
  7027 | D:8      | Noticed an ice devil
  7032 | D:8      | Noticed an ice devil
  7034 | D:8      | Noticed an ice devil
  7059 | D:8      | Noticed an ice devil
  7080 | D:8      | Found a bloodstained altar of Trog.
  7129 | D:8      | Reached skill level 5 in Invocations
  7140 | D:8      | Reached *** piety under Cheibriados
  7532 | D:8      | You fall through a shaft for 3 floors!
  7537 | D:11     | Noticed a cyan ugly thing
  7547 | D:10     | Entered Level 10 of the Dungeon
  8182 | D:10     | Reached skill level 9 in Unarmed Combat
  8194 | D:10     | Noticed a deep elf mage
  8216 | D:10     | Killed a deep elf mage
  8302 | D:10     | Gained mutation: You occasionally shout uncontrollably at your foes. [potion of mutation]
  8302 | D:10     | Gained mutation: Your muscles are strong. (Str +2) [potion of mutation]
  8348 | D:10     | Found a staircase to the Lair.
  8366 | D:10     | Reached XP level 10. HP: 39/85 MP: 13/13
  8367 | D:10     | Reached **** piety under Cheibriados
  8440 | D:10     | Noticed an elephant
  8450 | D:10     | Killed an elephant
  8478 | D:10     | Found a staircase to the Orcish Mines.
  8647 | D:10     | You fall through a shaft for 2 floors!
  8768 | D:11     | Reached skill level 10 in Unarmed Combat
  9036 | D:11     | Splashed by an acid dragon's acid

Vault maps used:
D:1:      sevenhm_arrival_forest_fort_small_6, minmay_statues_item
D:2:      nicolae_overflow_crystal_walls, chequers_ecumenical_altar_lobes,
          kennysheep_generic_room_5
D:3:      grunt_dithmenos_smoke, first_bread, minmay_snake_closets
D:4:      cheibriados_altar_1
D:5:      nicolae_overflow_hidden_temple, uniq_duvessa
D:6:      lemuel_crystal_altar, dk_noncrumbling_2
D:7:      nemelex_xobeh_ov_fountains_minmay, grunt_temple_overflow_open,
          minmay_temple_entry_poolview, basic_altar, uniq_crazy_yiuf_cottage
D:8:      cheibrodos_frozen_isle, kennysheep_mini_moat
D:10:     david_lair_generic, orc_0_dummy, hangedman_stone_soup

Skill      XL: |  1  2  3  4  5  6  7  8  9 10 |
---------------+-------------------------------+-----
Throwing       | 1 2 3 4 6 |  6.4
Dodging        | 2 |  2.7
Unarmed Combat | 3 4 5 6 8 9 10 | 10.0
Invocations    | 2 4 6 |  6.9
Translocations | 4 |  4.7
Fighting       | |  1.5
Spellcasting   | |  1.2

Action                   |  1- 3 |  4- 6 |  7- 9 | 10-12 || total
-------------------------+-------+-------+-------+-------++-------
Melee: Unarmed           |   109 |   175 |   268 |    41 ||   593
       Punch             |     1 |     4 |    15 |     2 ||    22
       Dagger            |       |       |    62 |       ||    62
Throw: Tomahawk          |       |     2 |       |     2 ||     4
Evoke: Wand              |       |       |     1 |       ||     1
  Use: Potion            |       |     2 |     5 |     3 ||    10
       Scroll            |       |     5 |    13 |     5 ||    23
 Stab: Sleeping          |     1 |     1 |     7 |       ||     9
       Distracted        |       |       |     1 |       ||     1
  Eat: Chunk             |     8 |    23 |    43 |     3 ||    77
       Fruit             |       |       |     1 |       ||     1
Armor: Robe              |    49 |    44 |    85 |    21 ||   199
       Skin              |       |       |       |     2 ||     2
Dodge: Dodged            |    71 |    80 |   155 |    35 ||   341

Table legend:
 A = Spawn XP
 B = Non-spawn XP
 C = Spawn XP percentage of total XP
 D = Spawn monster count
 E = Non-spawn monster count
 F = Spawn count percentage of total count
 G = Total turns spent on level
                    A         B        C        D         E        F      G
               +---------+---------+-------+---------+---------+-------+---------
         Total |       0 |    7587 |   0.0 |       0 |     212 |   0.0 |  9036
               +---------+---------+-------+---------+---------+-------+---------
           D:1 |       0 |      35 |   0.0 |       0 |      21 |   0.0 |   658
           D:2 |       0 |     118 |   0.0 |       0 |      32 |   0.0 |  1015
           D:3 |       0 |     190 |   0.0 |       0 |      31 |   0.0 |   777
           D:4 |       0 |     478 |   0.0 |       0 |      18 |   0.0 |   999
           D:5 |       0 |     893 |   0.0 |       0 |      23 |   0.0 |  1107
           D:6 |       0 |     517 |   0.0 |       0 |      16 |   0.0 |  1218
           D:7 |       0 |    1012 |   0.0 |       0 |      18 |   0.0 |  1158
           D:8 |       0 |     496 |   0.0 |       0 |      14 |   0.0 |   600
          D:10 |       0 |    3036 |   0.0 |       0 |      27 |   0.0 |  1100
          D:11 |       0 |     273 |   0.0 |       0 |       3 |   0.0 |   302
          D:12 |       0 |     539 |   0.0 |       0 |       9 |   0.0 |   102
               +---------+---------+-------+---------+---------+-------+---------
